 Dungeon Crawl Stone Soup version 0.30.0-19-g36f170ea60 (webtiles) character file.

Game seed: 11139364427527261922

102 MacCMillion the Chopper (level 4, -3/37 HPs)
             Began as a Ghoul Gladiator on May 26, 2023.
             Slain by Grinder (4 damage)
             ... while paralysed by Grinder
             ... on level 3 of the Dungeon.
             The game lasted 00:03:59 (2048 turns).

MacCMillion the Chopper (Ghoul Gladiator)           Turns: 2048, Time: 00:03:59

Health: -3/37      AC:  4    Str: 19    XL:     4   Next: 78%
Magic:  3/3        EV:  2    Int:  3    God:
Gold:   93         SH:  0    Dex: 10    Spells: 3/3 levels left

rFire   . . .        a - +0 war axe
rCold   + . .        (no shield)
rNeg    + + +        b - +0 leather armour
rPois   ∞            c - +0 helmet
rElec   .            (no cloak)
rCorr   .            (no gloves)
SInv    .            (no boots)
Will    .....        (no amulet)
Stlth   +            (no ring)
HPRegen 0.00/turn    (no ring)
MPRegen 0.08/turn

%: no passive effects
@: paralysed, inhibited regen
A: claws 1, cold resistance 1, negative energy resistance 3, inhibited
regeneration, torment resistance 2, devour on kill
a: no special abilities


You were on level 3 of the Dungeon.
You visited 1 branch of the dungeon, and saw 3 of its levels.

You collected 93 gold pieces.

Inventory:

Hand Weapons
 a - a +0 war axe (weapon)
Missiles
 e - a javelin (quivered)
 o - 2 curare-tipped darts
 p - 3 atropa-tipped darts
Armour
 b - a +0 leather armour (worn)
 c - a +0 helmet (worn)
Scrolls
 g - a scroll of identify {unknown}
 h - a scroll of immolation {unknown}
 i - a scroll of poison {unknown}
 m - a scroll of teleportation {unknown}
 n - a scroll of brand weapon {unknown}
 r - a scroll of enchant weapon {unknown}
 s - a scroll of silence {unknown}
Potions
 f - a potion of degeneration {unknown}
 j - a potion of ambrosia {unknown}
 k - a potion of lignification {unknown}
 l - a potion of resistance {unknown}
 q - a potion of heal wounds {unknown}


   Skills:
 - Level 2.5 Fighting
 + Level 4.4 Axes
 - Level 2.0 Throwing
 - Level 2.9 Dodging


You had 3 spell levels left.
You didn't know any spells.
Your spell library contained the following spells:

 Spells                   Type           Power      Damage    Failure   Level
 Sandblast                Erth           0%         2d4       58%         1
 Passwall                 Tmut/Erth      0%         N/A       73%         2
 Stone Arrow              Conj/Erth      0%         3d7       91%         3
 Fireball                 Conj/Fire      0%         3d3       100%        5
 Iskenderun's Battlesphe  Conj           0%         2d6       100%        5
 Conjure Ball Lightning   Conj/Air       0%         3x3d6     100%        6
 Orb of Destruction       Conj           0%         9d5       100%        7


Dungeon Overview and Level Annotations

Branches:
Dungeon (3/15)

Altars:

Annotations:
D:3 Grinder


Innate Abilities, Weirdness & Mutations

You are immune to poison.
You have sharp fingernails.
Your flesh is cold resistant. (rC+)
You are immune to negative energy. (rN+++)
You do not regenerate when monsters are visible.
You are immune to unholy pain and torment.
You thrive by killing the living.


Message History

Aim: Grinder (lightly wounded, 53% to hit)
You throw a throwing net. The throwing net hits Grinder.
Grinder is caught in the net!
Grinder is lightly wounded.
Grinder struggles against the net.
You barely miss Grinder.
Grinder is lightly wounded.
Grinder blinks!
You see here a throwing net.
Throw: 2 throwing nets
Press: ? - help, Shift-Dir - straight line, f/p - Grinder
Aim: Grinder (lightly wounded, 53% to hit)
You throw a throwing net. The throwing net barely misses Grinder.
You are too injured to fight recklessly!
You are too injured to fight recklessly!
Throw: throwing net
Press: ? - help, Q - select action, (/) - cycle Shift-Dir - straight line, f/p - Grinder
Aim: Grinder (lightly wounded, 53% to hit)
Okay, then.
Throw: throwing net
Press: ? - help, Shift-Dir - straight line, f/p - Grinder
Aim: Grinder (lightly wounded, 53% to hit)
You throw a throwing net. The throwing net barely misses Grinder.
Grinder hits you.
* * * LOW HITPOINT WARNING * * *
You slash Grinder!
Grinder is moderately wounded.
Grinder barely misses you.
You closely miss Grinder.
Grinder is moderately wounded.
Grinder misses you.
You hit Grinder.
Grinder is heavily wounded.
Grinder gestures at you.
You suddenly lose the ability to move!
Grinder hits you!
* * * LOW HITPOINT WARNING * * *
Grinder says, "There's only one good use for a tongue: cutting it out."
Grinder hits you.
You die...

#.#########
........((####.#
#.............#
#..######5####.#
#@# #.# ..# ####


You could see Grinder.

Vanquished Creatures
  Jessica (D:2)
  Robin (D:1)
  An adder (D:2)
  A worm (D:2)
  An orc (D:2)
  5 bats
  2 endoplasms (D:1)
  2 giant cockroaches
  15 goblins
  8 hobgoblins
  2 kobolds (D:2)
  A quokka (D:1)
  3 ball pythons (D:2)
  A frilled lizard (D:1)
  4 rats
48 creatures vanquished.

Notes
Turn   | Place    | Note
-------+----------+-------------------------------------------
     0 | D:1      | MacCMillion the Ghoul Gladiator began the quest for the
                  | Orb.
     0 | D:1      | Reached XP level 1. HP: 17/17 MP: 0/0
    90 | D:1      | Reached XP level 2. HP: 25/25 MP: 1/1
   282 | D:1      | Reached skill level 3 in Axes
   777 | D:2      | Found a faded altar of an unknown god.
   973 | D:2      | Reached XP level 3. HP: 30/30 MP: 2/2
  1101 | D:2      | Noticed Robin
  1145 | D:1      | Killed Robin
  1424 | D:2      | Noticed Jessica
  1428 | D:2      | Killed Jessica
  1429 | D:2      | Reached skill level 4 in Axes
  1429 | D:2      | Reached XP level 4. HP: 33/37 MP: 3/3
  2023 | D:3      | Noticed Grinder
  2033 | D:3      | Paralysed by Grinder for 5 turns
  2046 | D:3      | Paralysed by Grinder for 5 turns
  2047 | D:3      | HP: 1/37 [Grinder (8)]
  2048 | D:3      | Slain by Grinder

Illustrated notes

Levels and vault maps discovered:
D:1:      dpeg_arrival_solitude, layout_loops_ring
D:2:      kb_forest_paths, layout_basic, basic_ecumenical_altar, uniq_robin,
          uniq_jessica
D:3:      minmay_octagon_keep, layout_loops_ring,
          nicolae_qazlal_general_emergency, serial_rivers,
          chequers_serial_rivers_marsh, chequers_serial_rivers_small_a,
          chequers_serial_rivers_micro_b, chequers_serial_rivers_room_a,
          chequers_serial_rivers_large_a, chequers_serial_rivers_micro_d,
          uniq_grinder

Skill      XL: |  1  2  3 |
---------------+----------+-----
Throwing       | 2 |  2.0
Axes           | 3 4 |  4.4
Fighting       | |  2.5
Dodging        | |  2.9

Action                     |  1- 3 |  4- 6 || total
---------------------------+-------+-------++-------
  Melee: War axe           |   105 |    50 ||   155
         Punch             |       |     1 ||     1
  Throw: Throwing net      |       |     3 ||     3
 Armour: Leather armour    |    42 |    30 ||    72
  Dodge: Dodged            |    87 |    36 ||   123
